 Dungeon Crawl Stone Soup version 0.30-a0-292-g0f741e3f8e (webtiles) character file.

Game seed: 1555671741754302211

39 scionoferis the Vexing (level 3, -2/27 HPs)
             Began as a Human Hexslinger on Oct 17, 2022.
             Slain by an adder (3 damage)
             ... on level 2 of the Dungeon.
             The game lasted 00:03:37 (1230 turns).

scionoferis the Vexing (Human Hexslinger)           Turns: 1230, Time: 00:03:39

Health: -2/27      AC:  2    Str: 10    XL:     3   Next: 67%
Magic:  1/5        EV: 12    Int: 15    God:
Gold:   56         SH:  0    Dex: 13    Spells: 3/5 levels left

rFire   . . .      SeeInvis .    a - +1 sling
rCold   . . .      Faith    .    (no shield)
rNeg    . . .      Spirit   .    c - +0 robe
rPois   .          Reflect  .    (no helmet)
rElec   .          Harm     .    (no cloak)
rCorr   .          Rampage  .    (no gloves)
Will    .....                    (no boots)
Stlth   +.........               (no amulet)
HPRegen 0.24/turn                (no ring)
MPRegen 0.09/turn                (no ring)

@: lethally poisoned (-2 -> -11)
A: no striking features
a: no special abilities


You were on level 2 of the Dungeon.
You visited 1 branch of the dungeon, and saw 2 of its levels.

You collected 56 gold pieces.

Inventory:

Hand Weapons
 a - a +1 sling (weapon)
 e - a +0 whip
Missiles
 h - 6 poisoned darts
Armour
 c - a +0 robe (worn)
Magical Staves
 j - a staff of conjuration
Scrolls
 b - a scroll of poison
 i - 2 scrolls of identify {unknown}
Potions
 d - a potion of degeneration {unknown}
 f - a potion of resistance {unknown}


   Skills:
 + Level 1.9 Fighting
 - Level 2.0 Ranged Weapons
 + Level 2.6 Dodging
 + Level 1.7 Spellcasting
 + Level 0.2 Conjurations
 - Level 3.0 Hexes
 + Level 0.4 Air Magic


You had 3 spell levels left.
You knew the following spells:

 Your Spells              Type           Power      Damage    Failure   Level
a - Slow                  Hex            40%        N/A       7%          1
b - Shock                 Conj/Air       8%         1d3       21%         1

Your spell library contained the following spells:

 Spells                   Type           Power      Damage    Failure   Level
 Inner Flame              Hex/Fire       5%         N/A       36%         3
 Portal Projectile        Hex/Tloc       10%        N/A       36%         3
 Swiftness                Air            2%         N/A       50%         3
 Cause Fear               Hex            5%         N/A       54%         4
 Airstrike                Air            1%         2d(1-17)  88%         4


Dungeon Overview and Level Annotations

Branches:
Dungeon (2/15)

Altars:


Message History

Fire: a) +1 sling
Press: ? - help, Q - select action, (/) - cycle Shift-Dir - straight line, f - adder, p - adder
Aim: an adder (35% to hit)
You shoot a sling bullet. The sling bullet misses the adder. x2
The adder bites you.
You are poisoned.
The adder poisons you! The adder bites you but does no damage.
The adder closely misses you.
Your magical contamination has completely faded away.
Fire: a) +1 sling
Press: ? - help, Q - select action, (/) - cycle Shift-Dir - straight line, f/p - adder
Aim: an adder (35% to hit)
You shoot a sling bullet.
The sling bullet completely misses the adder.
You feel sick. The adder barely misses you. The adder bites you. x2
You are more poisoned.
The adder poisons you! The adder barely misses you.
Fire: a) +1 sling
Press: ? - help, Q - select action, (/) - cycle Shift-Dir - straight line, f/p - adder
Aim: an adder (35% to hit)
You shoot a sling bullet.
The sling bullet barely misses the adder.
* * * LOW HITPOINT WARNING * * *
You feel sick. The adder bites you.
* * * LOW HITPOINT WARNING * * *
You are lethally poisoned!
The adder poisons you! The adder bites you.
* * * LOW HITPOINT WARNING * * *
Fire: a) +1 sling
Press: ? - help, Q - select action, (/) - cycle Shift-Dir - straight line, f/p - adder
Aim: an adder (35% to hit)
You shoot a sling bullet. The sling bullet hits the adder!
The adder is severely wounded.
* * * LOW HITPOINT WARNING * * *
You feel very sick. The adder bites you.
* * * LOW HITPOINT WARNING * * *
The adder bites you but does no damage. The adder completely misses you.
The adder bites you.
You die...

......# # #... .####.# #.##..##
.####.#########.#....##
.#...........##.......##
.#.##.<......####....#.##
...##........# #...#.#S##
.............# #...##.#S##
...##........####S..###.#.##
............รท...@S....##.#.##
..........[...........[##.#.##
...#####..#.............##.#.##
...#####..#######........##.#.###
..........# #...########.#.#.
#####.....# #...# ##.#.# #.###.#
#...# ##.#. #.#...# #...# ## #
#.#.#.# #...####


You could see 2 adders.

Vanquished Creatures
  A dart slug (D:2)
  4 ball pythons
  4 endoplasms
  4 giant cockroaches
  3 goblins (D:1)
  4 hobgoblins
  4 kobolds
  A quokka (D:1)
  2 bats (D:1)
  A frilled lizard (D:1)
  2 rats (D:1)
30 creatures vanquished.

Notes
Turn   | Place    | Note
-------+----------+-------------------------------------------
     0 | D:1      | scionoferis the Human Hexslinger began the quest for the
                  | Orb.
     0 | D:1      | Reached XP level 1. HP: 15/15 MP: 2/2
   186 | D:1      | Reached XP level 2. HP: 18/21 MP: 3/3
   484 | D:1      | Reached XP level 3. HP: 27/27 MP: 5/5
   683 | D:1      | Learned a level 1 spell: Shock
  1079 | D:2      | Found a faded altar of an unknown god.
  1230 | D:2      | HP: 1/27 [adder (1)]
  1230 | D:2      | Slain by an adder

Illustrated notes

Levels and vault maps discovered:
D:1:      ncdulo_watergridlock, layout_loops_ring, item_on_display_b
D:2:      minmay_inner_zag, layout_loops_cross, basic_ecumenical_altar

Action                   || total
-------------------------++-------
 Fire: Sling             ||   128
 Cast: Slow              ||     9
  Use: Potion            ||     2
Armor: Robe              ||    17
Dodge: Dodged            ||    52

Table legend: (Time is in decaauts)
 A = Elapsed time spent in this place.
 B = Non-inter-level travel time spent in this place.
 C = Inter-level travel time spent in this place.
 D = Time resting spent in this place.
 E = Time spent auto-exploring this place.
 F = Levels seen in this place.
 G = Mean time per level.
                   A        B        C        D        E       F      G
               +--------+--------+--------+--------+--------+-----+--------+
         Total |   1268 |   1234 |     34 |     72 |    875 |   2 |  634.0 |
       Dungeon |   1268 |   1234 |     34 |     72 |    875 |   2 |  634.0 |
               +--------+--------+--------+--------+--------+-----+--------+

Top non-repeatable levels by time:
     D:1: 926 daAuts
     D:2: 342 daAuts
